Map: 凯罗斯中转站-天梯版

Players

Neeb

  • Race: Protoss Protoss

Maru - Winner!

  • Race: Terran Terran
  • League: Gold

VOD

Have the link to the VOD?

Description

Time

  • Played on: March 14, 2019, 6:05 a.m.
  • Length: 7:30
Show
View Real Time Build Order
Export as new Build Order

Neeb Protoss 

Build Orders: 1 Gate Expand, Phoenix Opening, Blink Stalkers, Colossus Rush 

Get SALT Encoding   

  12  0:00  Probe  
  13  0:13  Probe  
  14  0:17  Pylon  
  14  0:24  Probe  
  15  0:32  Probe  
  15  0:37  Gateway  
  15  0:40  Probe  
  16  0:46  Assimilator  
  17  0:51  Probe  
  18  1:03  Probe  
  19  1:15  Probe  
  20  1:23  Nexus  
  20  1:32  Cybernetics Core  
  20  1:36  Probe  
  21  1:43  Assimilator  
  21  1:48  Probe  
  21  1:51  Pylon  
  22  1:59  Adept, Probe  
  23  2:07  Probe  
  23  2:11  Warp Gate  
  23  2:15  Probe  
  26  2:24  Sentry  
  26  2:26  Probe  
  29  2:35  Probe  
  30  2:38  Probe  
  31  2:47  Probe  
  31  2:49  Stalker  
  31  2:52  Probe  
  31  2:54  Twilight Council  
  33  2:58  Probe  
  33  3:01  Phoenix  
  33  3:04  Probe  
  35  3:07  Probe  
  36  3:15  Probe  
  36  3:16  Probe  
  38  3:22  Gateway  
  38  3:23  Blink  
  38  3:24  Gateway  
  38  3:28  Probe x2  
  40  3:40  Probe  
  41  3:43  Pylon  
  41  3:44  Probe  
  42  3:48  Probe  
  42  3:52  Assimilator  
  43  3:56  Probe x2, Robotics Facility  
  43  3:59  Assimilator  
  45  4:06  Probe  
  45  4:08  Probe  
  47  4:10  Stalker  
  47  4:13  Pylon  
  47  4:17  Stalker  
  51  4:19  Probe  
  51  4:22  Stalker  
  54  4:29  Pylon  
  54  4:31  Probe x2  
  54  4:36  Stalker  
  58  4:43  Observer, Probe x2  
  61  4:47  Stalker  
  61  4:51  Robotics Bay  
  61  4:52  Forge  
  63  4:55  Stalker  
  65  5:02  Pylon  
  65  5:05  Observer  
  65  5:06  Stalker  
  68  5:11  Sentry  
  70  5:14  Pylon  
  70  5:24  Nexus  
  70  5:26  Pylon  
  70  5:27  Colossus  
  70  5:38  Probe  
  70  5:39  Observer  
  70  5:41  Charge  
  77  5:46  Probe  
  78  5:51  Probe  
  79  5:58  Probe  
  80  6:04  Observer  
  80  6:08  Probe  
  80  6:10  Probe, Colossus  
  76  6:16  Gateway  
  76  6:17  Gateway  
  76  6:19  Gateway  
  76  6:23  Zealot  
  76  6:25  Probe  
  85  6:28  Probe  
  85  6:29  Stalker  
  88  6:35  Stalker  
  90  6:40  Shield Battery x2  
  90  6:43  Pylon  
  90  6:50  Zealot  
  90  6:51  Probe x3  
  95  6:58  Stalker x2  
  104  7:12  Stalker x3  
  90  7:17  Probe  
  90  7:18  Probe  
  90  7:22  Stalker x2  
Show
View Real Time Build Order
Export as new Build Order

Maru Terran - Winner!

Build Orders: Reaper Expand 

Get SALT Encoding   

  12  0:01  SCV  
  13  0:13  SCV  
  14  0:16  Supply Depot  
  14  0:25  SCV  
  15  0:38  SCV  
  15  0:40  Barracks  
  16  0:43  Refinery  
  16  0:50  SCV  
  17  1:02  SCV  
  18  1:14  SCV  
  19  1:27  Reaper, Orbital Command  
  20  1:49  Command Center  
  20  1:53  SCV  
  21  2:00  Marine  
  22  2:03  Supply Depot  
  22  2:07  SCV  
  23  2:13  Factory  
  23  2:20  Barracks Reactor  
  23  2:24  Refinery  
  23  2:25  SCV  
  24  2:37  SCV  
  24  2:42  Barracks  
  25  2:49  SCV  
  26  2:58  Marine x2  
  27  2:59  Factory Tech Lab  
  27  3:01  SCV  
  27  3:02  Orbital Command  
  28  3:13  SCV  
  28  3:18  Starport  
  29  3:20  Cyclone  
  29  3:24  Marine x2  
  29  3:25  SCV  
  35  3:28  SCV  
  35  3:30  Barracks Tech Lab  
  36  3:36  Supply Depot  
  36  3:39  SCV  
  36  3:40  SCV  
  38  3:43  Marine x2  
  40  3:49  Stimpack  
  40  3:51  SCV  
  40  3:52  SCV  
  42  3:59  Refinery  
  42  4:02  Marine x2  
  44  4:03  SCV  
  44  4:04  SCV  
  46  4:15  SCV  
  46  4:16  SCV, Supply Depot  
  48  4:18  Raven  
  48  4:19  Marine  
  48  4:20  Marine  
  52  4:28  SCV x2  
  52  4:29  Bunker, Barracks  
  54  4:33  Engineering Bay  
  54  4:38  Marauder  
  56  4:40  SCV, Supply Depot  
  56  4:43  Factory Reactor  
  57  4:46  Marine x2  
  57  4:49  SCV  
  57  4:52  SCV, Supply Depot  
  61  4:59  Terran Infantry Weapons Level 1  
  61  5:01  SCV  
  61  5:03  Marauder  
  61  5:04  Marine, SCV  
  61  5:06  Supply Depot  
  66  5:14  Refinery  
  66  5:15  Starport Reactor  
  66  5:18  SCV x2  
  68  5:22  Marauder, Combat Shield  
  68  5:25  Marauder  
  68  5:26  Supply Depot  
  68  5:27  Widow Mine  
  74  5:29  Widow Mine  
  74  5:32  Marine x2  
  74  5:35  SCV  
  79  5:38  SCV  
  79  5:46  Marauder x2  
  79  5:48  SCV  
  79  5:49  Marine  
  84  5:50  Marine, Concussive Shells  
  84  5:55  Medivac x2  
  84  5:56  Widow Mine  
  92  5:58  Widow Mine  
  94  6:11  Supply Depot x2  
  91  6:15  Marauder, Marine x2, SCV  
  96  6:20  Widow Mine x2  
  96  6:24  Marauder  
  102  6:32  Medivac x2  
  106  6:42  Marauder, Marine x2  
  106  6:43  Widow Mine x2  
  106  6:45  Supply Depot  
  106  6:46  Marauder  
  116  6:54  Command Center  
  116  7:00  Supply Depot  
  116  7:03  Marine  
Tags
 
Add a new tag
Caveats
  • Supply blocks, unpowered buildings, or Contaminate may cause inaccurate times.
  • Supply counts are checked every 10 seconds.